 Dungeon Crawl Stone Soup version 0.20.1-1-g8b1a95d (webtiles) character file.

8605 dohliylev the Covert (level 11, -32/76 HPs)
             Began as a Vampire Enchanter on Aug 9, 2017.
             Was a Priest of Nemelex Xobeh.
             Killed from afar by a wight (47 damage)
             ... with an exploding inner flame
             ... hexed by the player character
             ... on level 11 of the Dungeon.
             The game lasted 01:06:19 (14505 turns).

dohliylev the Covert (Vampire Enchanter)           Turns: 14505, Time: 01:06:20

Health: -32/76     AC:  5    Str:  7    XL:     11   Next: 12%
Magic:  3/17       EV: 21    Int: 27    God:    Nemelex Xobeh [***...]
Gold:   989        SH:  0    Dex: 16    Spells: 1/18 levels left

rFire    . . .     SeeInvis +   i - +0 dagger (elec)
rCold    . . .     Gourm    .   (no shield)
rNeg     + . .     Faith    .   L - +0 robe {MR+}
rPois    .         Spirit   .   (no helmet)
rElec    .         Reflect  .   N - +0 cloak
rCorr    .         Harm     .   B - +0 pair of gloves
MR       ++...                  c - +0 pair of boots
Stlth    +++++++...             a - amulet of magic regeneration
Regen    0.3/turn               k - ring of stealth
MPRegen  0.3/turn               H - ring "Ennixew" {Int+7 Stlth+}

@: about to teleport
A: fangs 3, see invisible, unbreathing
a: Bat Form, Triple Draw, Renounce Religion


You were on level 11 of the Dungeon.
You worshipped Nemelex Xobeh.
Nemelex Xobeh was most pleased with you.
You were not thirsty.

You visited 2 branches of the dungeon, and saw 12 of its levels.
You also visited: Ossuary.

You collected 989 gold pieces.

Inventory:

Hand Weapons
 i - a +0 dagger of electrocution (weapon)
 P - a +1 antimagic dagger
Armour
 c - a +0 pair of boots (worn)
 B - a +0 pair of gloves (worn)
 L - a +0 robe of magic resistance (worn)
 N - a +0 cloak (worn)
Jewellery
 a - an amulet of magic regeneration (around neck)
 e - a +2 amulet of reflection
 j - a +5 ring of dexterity
 k - a ring of stealth (left hand)
 H - the ring "Ennixew" (right hand) {Int+7 Stlth+}
   (You found it on level 5 of the Dungeon)

   [ring of stealth]

   It affects your intelligence (+7).
   It makes you more stealthy.
 U - an uncursed amulet of harm
Wands
 M - a wand of polymorph (9/24)
Scrolls
 f - 3 scrolls of enchant armour
 m - 3 scrolls of fog
 o - 6 scrolls of remove curse
 q - 4 scrolls of recharging
 r - 2 scrolls of teleportation
 t - a scroll of fear
 w - 3 scrolls of magic mapping
 D - 2 scrolls of enchant weapon
 G - 2 scrolls of immolation
 T - 2 scrolls of blinking
 W - a scroll of brand weapon
Potions
 b - a potion of brilliance {unknown}
 d - 15 potions of blood
 g - 9 potions of curing
 h - 4 potions of degeneration {unknown}
 l - 3 potions of invisibility {unknown}
 u - 2 potions of flight {unknown}
 x - 2 potions of might {unknown}
 z - 3 potions of agility {unknown}
 E - 4 potions of mutation {unknown}
 F - a potion of berserk rage {unknown}
 I - 2 potions of heal wounds {unknown}
 J - 2 potions of magic {unknown}
 Q - 2 potions of lignification {unknown}
 R - a potion of cancellation {unknown}
 S - a potion of haste {unknown}
Books
 n - a book of Battle

   Spells                             Type                      Level
   a - Infusion                       Charms                       1
   b - Shroud of Golubria             Charms/Translocation         2
   c - Song of Slaying                Charms                       2
   d - Spectral Weapon                Hexes/Charms                 3
   e - Regeneration                   Charms/Necromancy            3
 s - a book of Minor Magic

   Spells                             Type                      Level
   a - Magic Dart                     Conjuration                  1
   b - Blink                          Translocation                2
   c - Call Imp                       Summoning                    2
   d - Slow                           Hexes                        2
   e - Conjure Flame                  Conjuration/Fire             3
   f - Mephitic Cloud                 Conjuration/Poison/Air       3
Miscellaneous
 y - an ornate deck of summoning
 A - a plain deck of summoning
 C - a plain deck of destruction
 K - a plain deck of summoning
 O - a plain deck of summoning
 Y - a crystal ball of energy


   Skills:
 + Level 3.8 Fighting
 - Level 8.0 Short Blades
 + Level 12.1 Dodging
 + Level 12.3 Stealth
 - Level 4.1 Spellcasting
 - Level 7.0 Hexes
 - Level 3.5 Ice Magic
 - Level 0.1 Poison Magic
 + Level 0.1 Evocations


You had one spell level left.
You knew the following spells:

 Your Spells              Type           Power        Failure   Level  Hunger
a - Blink                 Tloc           N/A          12%         2    None
b - Ensorcelled Hibernat  Hex/Ice        ####..       1%          2    None
c - Confuse               Hex            #####...     1%          3    ##.....
d - Passwall              Tmut/Erth      #.........   12%         2    None
e - Mephitic Cloud        Conj/Pois/Air  #.......     22%         3    ##.....
f - Lee's Rapid Deconstr  Erth           #.........   91%         5    #####..


Dungeon Overview and Level Annotations

Branches:
Dungeon (11/15)            Temple (1/1) D:6
   Lair: D:8-11         Orc: D:9-12

Altars:
Ashenzari
Cheibriados
Dithmenos
Elyvilon
Fedhas
Gozag
Hepliaklqana
Kikubaaqudgha
Makhleb
Nemelex Xobeh
Okawaru
Qazlal
Ru
Sif Muna
Trog
Uskayaw
Vehumet
Xom
Yredelemnul
Zin
The Shining One
Lugonu


Innate Abilities, Weirdness & Mutations

You have razor-sharp teeth.
You have supernaturally acute eyesight. (SInv)
You can survive without breathing.


Message History

Your ring of stealth unmelds from your body.
The ring "Ennixew" {Int+7 Stlth+} unmelds from your body.
You hear the crackle of electricity.
You feel resistant to hostile enchantments.
The hornet zombie barely misses you. The wight closely misses you.
As you read the scroll of teleportation, it crumbles to dust.
You feel strangely unstable. The hornet zombie hits you.
The hornet zombie misses you. The wight hits you but does no damage.
As you read the scroll of immolation, it crumbles to dust.
The creatures around you are filled with an inner flame!
The hornet zombie hits you!
* * * LOW HITPOINT WARNING * * *
The wight misses you.
You hit the wight but do no damage. Lightning courses through the wight!
The wight explodes!
The fiery explosion engulfs you!
Ouch! That really hurt!
You die...
Your body disappears without a glow.

# #.####.##.#.## #
#............# # #
###.##.####..# .##.# .# # #.
#.# #..##### #.# .# .# #
#.##.####......###.# #.##.# #
#.........####....###.....# #
##........# #####Z#.# ...# #
#........##### ##.# #..# . #
###.......§§@Z.# #.####(.#..
###.....###.§###s# #.Z.s.<..P.
#.......# #..###.#########..#..
###.......###.................#
..............................#
###.....#.###.####.##########.#
# ###...#.# # #.# ... # #####..
..# .#.. # #### #### .###


You could see a scorpion and a hornet zombie (inner flame).

Vanquished Creatures
  The ghost of vomix the Cleaver, a novice MiBe of Trog (D:7)
  Maurice (D:8)
  Psyche (D:9)
  Joseph (D:9)
  6 hippogriffs
  4 yaks (D:10)
  A steam dragon (D:8)
  Grum (D:9)
  2 wargs
  Menkaure (D:6)
  A water moccasin (D:10)
  2 ice beasts
  A black bear (D:10)
  An eye of draining (D:8)
  2 orc warriors
  5 sky beasts
  A necrophage (D:9)
  5 ogres
  2 wolves (D:9)
  2 phantoms
  2 centaurs (D:10)
  8 bullfrogs
  2 wyvern skeletons
  A scorpion (D:5)
  A water moccasin skeleton (D:9)
  A wight (D:11)
  9 hounds
  5 orc priests
  3 bullfrog skeletons
  2 jellies
  Crazy Yiuf (D:6)
  2 centaur skeletons
  5 iguanas
  11 orc wizards
  9 worker ants
  A hound zombie (D:8)
  2 hound skeletons
  8 mummies (Ossuary)
  A howler monkey zombie (D:6)
  A worker ant zombie (D:10)
  A gnoll (D:5)
  2 howler monkey skeletons
  9 adders
  3 shadow imps
  An adder skeleton (D:7)
  7 worms
  4 dart slugs
  9 leopard geckos
  36 orcs
  2 ball pythons (D:3)
  6 bats
  5 giant cockroaches
  3 gnoll zombies (Ossuary)
  6 goblins
  9 hobgoblins
  8 jackals
  10 quokkas
  6 frilled lizards
  3 hobgoblin zombies (Ossuary)
  13 kobolds
  2 kobold zombies (Ossuary)
  A leopard gecko skeleton (D:4)
  A quokka zombie (D:7)
  9 rats
  A rat zombie (D:7)
273 creatures vanquished.

Notes
Turn   | Place    | Note
-------+----------+-------------------------------------------
     0 | D:1      | dohliylev the Vampire Enchanter began the quest for the Orb.
     0 | D:1      | Reached XP level 1. HP: 13/13 MP: 3/3
   520 | D:1      | Reached XP level 2. HP: 12/19 MP: 5/5
   524 | D:1      | Learned a level 2 spell: Ensorcelled Hibernation
   592 | D:1      | Reached skill level 5 in Stealth
   699 | D:1      | Reached skill level 5 in Hexes
   982 | D:1      | Reached XP level 3. HP: 22/24 MP: 1/6
  1495 | D:2      | Reached XP level 4. HP: 17/30 MP: 4/7
  1894 | D:2      | Found a deep blue altar of Sif Muna.
  1994 | D:3      | Found a snail-covered altar of Cheibriados.
  2126 | D:3      | Reached skill level 1 in Ice Magic
  2390 | D:3      | Reached XP level 5. HP: 31/36 MP: 5/9
  2395 | D:3      | Learned a level 3 spell: Confuse
  2533 | D:3      | Noticed a hippogriff
  2774 | D:3      | Killed a hippogriff
  2774 | D:3      | Reached skill level 1 in Fighting
  2774 | D:3      | Reached XP level 6. HP: 43/43 MP: 5/11
  3544 | D:4      | Found a sparkling altar of Nemelex Xobeh.
  3552 | D:4      | Became a worshipper of Nemelex Xobeh the Trickster
  3833 | D:4      | Received a gift from Nemelex Xobeh
  4172 | D:4      | Found a shimmering altar of Xom.
  4177 | D:4      | Found a shimmering altar of Xom.
  4292 | D:4      | Reached XP level 7. HP: 48/48 MP: 12/12
  4320 | D:4      | Found a shimmering altar of Xom.
  4322 | D:4      | Found a shimmering altar of Xom.
  4324 | D:4      | Found a shimmering altar of Xom.
  4326 | D:4      | Found a shimmering altar of Xom.
  4338 | D:4      | Found a glowing golden altar of the Shining One.
  4380 | D:4      | Found a shimmering altar of Xom.
  4495 | D:4      | Learned a level 2 spell: Passwall
  4499 | D:4      | Learned a level 3 spell: Dazzling Spray
  4845 | D:5      | Entered Level 5 of the Dungeon
  4846 | D:5      | Reached * piety under Nemelex Xobeh
  5236 | D:5      | Reached skill level 5 in Short Blades
  5386 | D:5      | Reached XP level 8. HP: 54/56 MP: 5/14
  5570 | D:5      | Got a faintly glowing bone ring
  5572 | D:5      | Identified the ring "Ennixew" {Int+7 Stlth+} (You found it on level 5 of the Dungeon)
  6087 | D:6      | Received a gift from Nemelex Xobeh
  6249 | D:6      | Found a hazy altar of Hepliaklqana.
  6532 | D:6      | Noticed Menkaure
  6548 | D:6      | Killed Menkaure
  6680 | D:6      | Found a staircase to the Ecumenical Temple.
  6797 | Temple   | Entered the Ecumenical Temple
  7039 | D:6      | Reached ** piety under Nemelex Xobeh
  7054 | D:6      | Found a runed door.
  7058 | D:6      | Noticed Crazy Yiuf
  7062 | D:6      | Killed Crazy Yiuf
  7188 | D:6      | Found a burning altar of Makhleb.
  7224 | D:7      | Reached skill level 5 in Dodging
  7260 | D:7      | Received a gift from Nemelex Xobeh
  7304 | D:7      | Noticed vomix's ghost (novice MiBe)
  7309 | D:7      | Found a sand-covered staircase.
  7310 | D:7      | Noticed a hippogriff
  7327 | Ossuary  | Entered an ossuary
  7762 | D:7      | Killed a hippogriff
  7762 | D:7      | Reached XP level 9. HP: 64/64 MP: 10/15
  7825 | D:7      | Found a hide-covered altar of Uskayaw.
  7935 | D:7      | Found a deep blue altar of Sif Muna.
  8000 | D:7      | Found a basalt altar of Yredelemnul.
  8000 | D:7      | Found an opulent altar of Gozag.
  9878 | D:8      | Noticed Maurice
 10136 | D:7      | Reached skill level 10 in Dodging
 10872 | D:7      | Killed vomix's ghost
 11189 | D:8      | Reached XP level 10. HP: 70/70 MP: 16/16
 11390 | D:8      | Killed Maurice
 11802 | D:9      | Noticed Grum
 11804 | D:9      | Killed Grum
 12008 | D:9      | Received a gift from Nemelex Xobeh
 12322 | D:9      | Reached *** piety under Nemelex Xobeh
 12341 | D:9      | Noticed Joseph
 12363 | D:9      | Killed Joseph
 12594 | D:9      | Found a sacrificial altar of Ru.
 12594 | D:9      | Noticed Psyche
 12598 | D:9      | Found a shadowy altar of Dithmenos.
 12605 | D:9      | Killed Psyche
 12712 | D:9      | Learned a level 5 spell: Lee's Rapid Deconstruction
 12803 | D:9      | Received a gift from Nemelex Xobeh
 12936 | D:10     | Entered Level 10 of the Dungeon
 13055 | D:10     | Reached skill level 10 in Stealth
 13856 | D:10     | Learned a level 2 spell: Blink
 13860 | D:10     | Learned a level 3 spell: Mephitic Cloud
 13889 | D:10     | Reached XP level 11. HP: 76/76 MP: 14/17
 14206 | D:11     | Noticed a red ugly thing
 14505 | D:11     | Killed from afar by a wight

Skill      XL: |  1  2  3  4  5  6  7  8  9 10 11 |
---------------+----------------------------------+-----
Stealth        | 5 8 11 12 | 12.3
Hexes          | 5 6 7 |  7.0
Ice Magic      | 1 2 3 |  3.5
Short Blades   | 2 3 5 8 |  8.0
Spellcasting   | 3 4 |  4.1
Fighting       | 1 2 3 |  3.8
Dodging        | 3 6 10 12 | 12.1
Poison Magic   | |  0.1
Evocations     | |  0.1

Action                   |  1- 3 |  4- 6 |  7- 9 | 10-12 || total
-------------------------+-------+-------+-------+-------++-------
Melee: Dagger            |    83 |    84 |   229 |   108 ||   504
       Bite              |     2 |     1 |    14 |     9 ||    26
       Rapier            |       |       |       |    23 ||    23
 Cast: Corona            |     2 |       |    19 |    10 ||    31
       Ensorcelled Hiber |    18 |    37 |    85 |    77 ||   217
       Confuse           |       |     3 |    36 |    26 ||    65
       Dazzling Spray    |       |       |     1 |       ||     1
       Mephitic Cloud    |       |       |       |     1 ||     1
 Abil: End Transformatio |       |     1 |     2 |     2 ||     5
       Bat Form          |       |     1 |     2 |     2 ||     5
Evoke: Wand              |       |       |       |     1 ||     1
  Use: Scroll            |     3 |     1 |       |    15 ||    19
       Potion            |     1 |     1 |    11 |       ||    13
 Stab: Sleeping          |    25 |    45 |    73 |    57 ||   200
       Confused          |       |     1 |    16 |     5 ||    22
  Eat: Corpse            |     8 |    10 |     8 |     8 ||    34
Armor: Robe              |    10 |     6 |    15 |     8 ||    39
Dodge: Dodged            |    32 |    34 |   112 |   107 ||   285
Block: Other             |     1 |     2 |     5 |     5 ||    13
